 Dungeon Crawl Stone Soup version 0.30-a0-862-g1aabd4f9c5 (webtiles) character file.

Game seed: 8802915225603163792

4312 retardedninja the Cleaver (level 10, -11/81 HPs)
             Began as a Hill Orc Fighter on Mar 8, 2023.
             Was a Follower of Hepliaklqana.
             Mangled by a vault guard
             ... wielding a +0 broad axe
              (13 damage)
             ... in a bailey.
             The game lasted 00:10:34 (6850 turns).

retardedninja the Cleaver (Hill Orc Fighter)        Turns: 6850, Time: 00:10:35

Health: -11/81     AC: 17    Str: 23    XL:     10   Next: 33%
Magic:  0/10       EV:  6    Int: 12    God:    Hepliaklqana [*.....]
Gold:   416        SH:  6    Dex:  9    Spells: 9/9 levels left

rFire   + . .      SeeInvis .    a - +0 war axe (spect)
rCold   . . .      Faith    .    c - +1 buckler
rNeg    . . .      Spirit   +    y - +1 plate armour
rPois   .          Reflect  .    u - +2 hat
rElec   .          Rampage  .    (no cloak)
rCorr   .                        (no gloves)
Will    .....                    (no boots) Stlth
                                 s - amulet of guardian spirit
HPRegen 0.33/turn                r - ring of protection from fire
MPRegen 0.12/turn                (no ring)

@: no status effects
A: reduced essence, clever 1
a: Renounce Religion, Recall Ancestor, Ancestor Identity


You were in a bailey.
You worshipped Hepliaklqana.
Hepliaklqana was aware of your devotion.
You visited 2 branches of the dungeon, and saw 8 of its levels.
You visited the Abyss 1 time.
You also visited: Bailey.

You collected 416 gold pieces.

Inventory:

Hand Weapons
 a - a +0 spectral war axe (weapon)
Armour
 c - a +1 buckler (worn)
 u - a +2 hat (worn)
 y - a +1 plate armour (worn)
Jewellery
 r - a ring of protection from fire (left hand)
 s - an amulet of guardian spirit (around neck)
Wands
 x - a wand of flame (21)
Scrolls
 f - 2 scrolls of poison {unknown}
 g - a scroll of amnesia
 i - 2 scrolls of teleportation
 j - a scroll of enchant weapon {unknown}
 o - a scroll of blinking {unknown}
 t - a scroll of identify
 v - a scroll of noise {unknown}
Potions
 d - a potion of attraction {unknown}
 e - 3 potions of brilliance
 k - 2 potions of flight
 w - a potion of lignification {unknown}


   Skills:
 + Level 9.6 Fighting
 + Level 10.0 Axes
 + Level 8.8 Armour
 + Level 8.7 Shields


You had 9 spell levels left.
You didn't know any spells.
Your spell library contained the following spells:

 Spells                   Type           Power      Damage    Failure   Level
 Apportation              Tloc           0%         N/A       99%         1
 Necrotise                Necr           0%         1d4       99%         1
 Sting                    Tmut/Pois      0%         1d3       99%         1
 Summon Small Mammal      Summ           0%         N/A       99%         1
 Cigotuvi's Dreadful Rot  Necr/Pois/Air  0%         N/A       100%        2
 Poisonous Vapours        Pois/Air       0%         N/A       100%        2
 Dazzling Flash           Conj/Hex       0%         N/A       100%        3
 Mephitic Cloud           Conj/Pois/Air  0%         N/A       100%        3
 Ozocubu's Armour         Ice            0%         N/A       100%        3
 Stone Arrow              Conj/Erth      0%         3d7       100%        3
 Animate Armour           Summ/Erth      0%         N/A       100%        4
 Iskenderun's Mystic Bla  Conj/Tloc      0%         2d3       100%        4
 Olgreb's Toxic Radiance  Pois           0%         N/A       100%        4
 Fireball                 Conj/Fire      0%         3d3       100%        5
 Iskenderun's Battlesphe  Conj           0%         2d6       100%        5
 Metabolic Englaciation   Hex/Ice        0%         N/A       100%        5
 Conjure Ball Lightning   Conj/Air       0%         3x3d6     100%        6
 Simulacrum               Ice/Necr       0%         N/A       100%        6
 Starburst                Conj/Fire      0%         6d3       100%        6
 Orb of Destruction       Conj           0%         9d5       100%        7
 Lehudib's Crystal Spear  Conj/Erth      0%         10d2      100%        8


Dungeon Overview and Level Annotations

Branches:
Dungeon (7/15)             Temple (1/1) D:4          Bailey (1/1)

Altars:
Ashenzari
Cheibriados
Dithmenos
Elyvilon
Fedhas
Gozag
Hepliaklqana
Kikubaaqudgha
Makhleb
Nemelex Xobeh
Okawaru
Qazlal
Ru
Sif Muna
Trog
Wu Jian
Xom
Yredelemnul
Zin

Annotations:
D:5 2 transporters, elongatedgoose's ghost, novice TrGl


Innate Abilities, Weirdness & Mutations

Your life essence is reduced to manifest your ancestor. (-10% HP)
Your mind is acute. (Int +4, Str/Dex -1)


Message History

Your spectral weapon shares its damage with you!
Unknown command.
You hit the vault guard but do no damage.
The vault guard is lightly wounded.
Your +0 spectral war axe barely misses the vault guard.
The vault guard hits you but does no damage.
The vault guard hits your +0 spectral war axe with a +0 broad axe!
Your spectral weapon shares its damage with you!
Unknown command.
You barely miss the vault guard.
The vault guard is lightly wounded.
Your +0 spectral war axe barely misses the vault guard.
The vault guard closely misses you.
Unknown command.
You hit the vault guard but do no damage.
The vault guard is lightly wounded.
Your +0 spectral war axe barely misses the vault guard.
The vault guard hits you but does no damage.
The vault guard hits your +0 spectral war axe with a +0 broad axe.
Your spectral weapon shares its damage with you!
* * * LOW HITPOINT WARNING * * *
You barely miss the vault guard.
The vault guard is lightly wounded.
Your +0 spectral war axe barely misses the vault guard.
The vault guard hits you with a +0 broad axe!
* * * LOW HITPOINT WARNING * * *
The vault guard hits your +0 spectral war axe with a +0 broad axe!
Your spectral weapon shares its damage with you!
* * * LOW HITPOINT WARNING * * *
You hit the vault guard.
The vault guard is moderately wounded.
Your +0 spectral war axe closely misses the vault guard.
The vault guard hits you with a +0 broad axe!
* * * LOW HITPOINT WARNING * * *
Okay, then.
Okay, then.
It was a potion of mutation.
You feel extremely strange.
You feel clever.
The vault guard hits you with a +0 broad axe!
You die...

#≈~..≈#..' ..
#≈~..≈####.
##≈††≈##≈##.
#≈~.~≈≈~≈#..
#≈~).~~~≈##..
##≈~...~~~≈#
#≈§...~~~~≈#
##≈~~...~~~≈#
+###≈~~†@~~~~~≈#
.≈≈≈~...p..~~~≈#
#..........~~≈##
#~~~.......~~≈#
##~~~##'##~~≈##
##~# ... #≈## ##
..... ## #..∩..#
#.....#


You could see a vault guard.

Vanquished Creatures
  Pikel (D:6)
  Prince Ribbit (Bailey)
  6 humans (Bailey)
  Edmund (D:5)
  Duvessa (D:5)
  An ice beast (D:6)
  A sky beast (D:4)
  2 ogres
  A black bear (D:5)
  An orc warrior (D:7)
  2 phantoms (D:6)
  10 bullfrogs
  3 scorpions
  Dowan (D:5)
  A jelly (D:4)
  4 orc priests
  5 hounds
  A sleepcap (D:7)
  3 orc wizards
  16 gnolls
  9 adders
  A shadow imp (D:6)
  3 white imps
  A worm (D:2)
  2 dart slugs
  21 orcs
  16 ball pythons
  5 bats
  2 endoplasms (D:1)
  4 giant cockroaches
  13 goblins
  6 hobgoblins
  6 kobolds
  3 quokkas
  9 frilled lizards
  5 rats
168 creatures vanquished.

Vanquished Creatures (collateral kills)
  A human (Bailey)
  2 bullfrogs (Bailey)
  A gnoll (Bailey)
  9 orcs
  A hobgoblin (Bailey)
14 creatures vanquished.

Vanquished Creatures (others)
  4 ancestors
  7 plants
11 creatures vanquished.

Grand Total: 193 creatures vanquished

Notes
Turn   | Place    | Note
-------+----------+-------------------------------------------
     0 | D:1      | retardedninja the Hill Orc Fighter began the quest for the
                  | Orb.
     0 | D:1      | Reached XP level 1. HP: 19/19 MP: 1/1
    47 | D:1      | Reached XP level 2. HP: 18/27 MP: 2/2
    85 | D:1      | Reached skill level 3 in Axes
   352 | D:1      | Reached XP level 3. HP: 33/33 MP: 3/3
  1009 | D:2      | Identified the +0 chain mail of Dawn {rPois Will++ Regen+
                  | Int-2}
  1015 | D:2      | Reached XP level 4. HP: 41/41 MP: 4/4
  1636 | Abyss:1  | Cast into level 1 of the Abyss (goblin)
  1665 | Abyss:1  | Found a corrupted altar of Lugonu.
  1669 | Abyss:1  | Noticed a neqoxec
  1672 | D:2      | Escaped the Abyss
  1843 | D:2      | Reached skill level 4 in Axes
  1886 | D:2      | Reached XP level 5. HP: 47/47 MP: 5/5
  2449 | D:3      | Found a shadowy altar of Dithmenos.
  2528 | D:3      | Reached skill level 5 in Fighting
  3239 | D:4      | Noticed a sky beast
  3270 | D:4      | Killed a sky beast
  3271 | D:4      | Reached XP level 6. HP: 47/56 MP: 6/6
  3334 | D:4      | Reached skill level 5 in Axes
  3434 | D:4      | Found a staircase to the Ecumenical Temple.
  3457 | Temple   | Entered the Ecumenical Temple
  3609 | Temple   | Became a worshipper of Hepliaklqana the Forgotten
  3674 | D:4      | Reached skill level 5 in Armour
  3690 | D:4      | Reached XP level 7. HP: 41/61 MP: 4/7
  3692 | D:4      | Reached skill level 5 in Shields
  4295 | D:5      | Entered Level 5 of the Dungeon
  4326 | D:5      | Reached skill level 6 in Axes
  4407 | D:5      | Found a blossoming altar of Fedhas.
  4427 | D:5      | Noticed Duvessa
  4429 | D:5      | Noticed Dowan
  4434 | D:5      | Killed Duvessa
  4435 | D:5      | Reached XP level 8. HP: 69/71 MP: 6/8
  4439 | D:5      | Killed Dowan
  4490 | D:5      | Noticed Edmund
  4511 | D:5      | Killed Edmund
  4784 | D:5      | Found an opulent altar of Gozag.
  4842 | D:5      | Identified the +3 trident of the Battered Cities {venom,
                  | rC+ rCorr}
  4842 | D:5      | Identified the +4 ring mail of Bad Feelings {Str+3}
  4842 | D:5      | Identified the +1 buckler of Daffodils {+Inv}
  4850 | D:5      | Identified the amulet of Wishful Thinking {RegenMP +Blink
                  | rF+}
  4850 | D:5      | Noticed elongatedgoose's ghost (novice TrGl)
  4866 | D:5      | Found a transporter.
  4872 | D:5      | Found a transporter.
  5057 | D:6      | Reached skill level 7 in Axes
  5224 | D:6      | Reached * piety under Hepliaklqana
  5519 | D:6      | Noticed Pikel
  5547 | D:6      | Killed Pikel
  5548 | D:6      | Reached skill level 8 in Axes
  5548 | D:6      | Reached XP level 9. HP: 68/72 MP: 7/9
  6083 | D:7      | Identified the +6 trident of Extinguishment {heavy, rN+++
                  | Int+4 Dex-2 Stlth+}
  6298 | D:7      | Found a flagged portal.
  6303 | D:7      | Identified the +3 hand axe of Resourcefulness {flame, rF+
                  | Int+3 Dex+3}
  6306 | Bailey   | Entered a bailey
  6334 | Bailey   | Reached skill level 9 in Axes
  6366 | Bailey   | Reached XP level 10. HP: 34/81 MP: 6/10
  6828 | Bailey   | Noticed Prince Ribbit
  6828 | Bailey   | Noticed a vault guard
  6842 | Bailey   | Killed Prince Ribbit
  6843 | Bailey   | Reached skill level 10 in Axes
  6848 | Bailey   | HP: 2/81 [vault guard/+0 broad axe (12)]
  6850 | Bailey   | Gained mutation: Your mind is acute. (Int +4, Str/Dex -1)
                  | [potion of mutation]
  6850 | Bailey   | Mangled by a vault guard

Illustrated notes

Levels and vault maps discovered:
D:1:      wander_arrival_fairy_ring, layout_basic, corexii_hall_statues_l
D:2:      layout_basic, lightli_corner_chamber
D:3:      minmay_evil_eye, layout_basic, general_overflow_altar,
          grunt_ministairs_13, chequers_serial_rivers_room_b,
          grunt_decor_one_mirror
D:4:      layout_basic, minmay_temple_entry_offerings, skrybe_limestone_x
D:5:      layout_rooms, nicolae_overflow_crystal_walls, lemuel_doored_altar,
          gammafunk_ghost_gnarly_gnolls, uniq_edmund, uniq_duvessa
D:6:      layout_loops_ring, uniq_pikel
D:7:      statuecave_lemuel, layout_loops_corners, enter_bailey_2
Temple:   nicolae_temple_elliptical
Bailey:   bailey_axe_froggy_fort_hellmonk, bailey

Skill      XL: |  1  2  3  4  5  6  7  8  9 10 |
---------------+-------------------------------+-----
Axes           | 3 4 5 6 8 9 10 | 10.0
Fighting       | 4 5 6 8 9 |  9.6
Armour         | 4 5 7 8 |  8.8
Shields        | 4 5 7 8 |  8.7

Action                     |  1- 3 |  4- 6 |  7- 9 | 10-12 || total
---------------------------+-------+-------+-------+-------++-------
  Melee: War axe           |    99 |   207 |   224 |    52 ||   582
 Invoke: Recall Ancestor   |       |       |     3 |       ||     3
         Ancestor Identity |       |       |     1 |       ||     1
  Evoke: Wand              |       |       |    11 |       ||    11
    Use: Scroll            |       |       |    10 |       ||    10
         Potion            |       |       |     3 |     1 ||     4
 Armour: Scale mail        |    17 |       |       |       ||    17
         Chain mail        |    49 |   132 |   102 |       ||   283
         Plate armour      |       |       |     8 |    19 ||    27
  Dodge: Dodged            |    41 |    80 |    64 |     6 ||   191
  Block: Buckler           |    30 |    44 |    58 |    17 ||   149

Table legend: (Time is in decaauts)
 A = Elapsed time spent in this place.
 B = Non-inter-level travel time spent in this place.
 C = Inter-level travel time spent in this place.
 D = Time resting spent in this place.
 E = Time spent auto-exploring this place.
 F = Levels seen in this place.
 G = Mean time per level.
                   A        B        C        D        E       F      G
               +--------+--------+--------+--------+--------+-----+--------+
         Total |   6997 |   6812 |    185 |   1086 |   4309 |  10 |  699.7 |
       Dungeon |   6221 |   6084 |    137 |    750 |   4093 |   7 |  888.7 |
        Temple |    186 |    138 |     48 |      0 |    121 |   1 |  186.0 |
         Abyss |     36 |     36 |      0 |      0 |     26 |   1 |   36.0 |
        Bailey |    552 |    552 |      0 |    336 |     69 |   1 |  552.0 |
               +--------+--------+--------+--------+--------+-----+--------+

Top non-repeatable levels by time:
     D:2: 1161 daAuts
     D:3: 1113 daAuts
     D:1: 1010 daAuts
     D:4: 895 daAuts
     D:6: 802 daAuts
     D:5: 748 daAuts
  Bailey: 552 daAuts
     D:7: 489 daAuts
  Temple: 186 daAuts
 Abyss:1: 36 daAuts
